 Dungeon Crawl Stone Soup version 0.21-a0-140-g479285b (webtiles) character file.

32 Chiseanne the Skirmisher (level 3, -3/28 HPs)
             Began as a Demonspawn Wanderer on July 20, 2017.
             Slain by a gnoll
             ... wielding a +0 halberd
              (18 damage)
             ... on level 2 of the Dungeon.
             The game lasted 00:02:12 (1730 turns).

Chiseanne the Skirmisher (Demonspawn Wanderer)      Turns: 1730, Time: 00:02:12

Health: -3/28      AC:  2    Str: 11    XL:     3   Next: 10%
Magic:  6/6        EV: 12    Int: 14    God:
Gold:   48         SH:  0    Dex: 13    Spells: 6/6 levels left

rFire    . . .     SeeInvis .   f - +0 dagger
rCold    . . .     Gourm    .   (no shield)
rNeg     . . .     Faith    .   e - +0 robe
rPois    .         Spirit   .   (helmet restricted)
rElec    .         Reflect  .   (no cloak)
rCorr    .         Harm     .   (no gloves)
MR       .....                  (no boots)
Stlth    +.........             (no amulet)
HPRegen  0.09/turn              (no ring)
MPRegen  0.10/turn              (no ring)

@: no status effects
A: horns 1
a: no special abilities


You were on level 2 of the Dungeon.
You were not hungry.

You visited 1 branch of the dungeon, and saw 2 of its levels.

You collected 48 gold pieces.

Inventory:

Hand Weapons
 f - a +0 dagger (weapon)
 m - a +0 short sword
Missiles
 j - 31 poisoned needles
 n - 9 bolts
 q - 19 arrows
Armour
 e - a +0 robe (worn)
 r - a +0 helmet
Scrolls
 a - a scroll of blinking
 c - 2 scrolls of teleportation
 k - a scroll of identify {unknown}
 l - a scroll of fear {unknown}
 o - a scroll of immolation {unknown}
 p - a scroll of random uselessness {unknown}
Potions
 b - 2 potions of heal wounds
 h - a potion of curing {unknown}
Books
 d - the Collected Works on Clay

   Spells                             Type                      Level
   a - Sandblast                      Earth                        1
   b - Stone Arrow                    Conjuration/Earth            3
Comestibles
 g - 2 bread rations
 i - 2 chunks of flesh


   Skills:
 * Level 2.8 Fighting
 - Level 1.7 Throwing
 * Level 1.6 Dodging
 - Level 1.0 Unarmed Combat
 - Level 2.0 Spellcasting
   Level 2.6 Earth Magic


You had 6 spell levels left.
You didn't know any spells.

Dungeon Overview and Level Annotations

Branches:
Dungeon (2/15)

Altars:


Innate Abilities, Weirdness & Mutations

You have a pair of small horns on your head.


Message History

The hobgoblin hits you.
You hit the hobgoblin.
You kill the hobgoblin!
You see here a hobgoblin corpse.
A gnoll comes into view. It is wielding a halberd.
The gnoll shouts!
The gnoll moves out of view.
Found a bread ration.
A gnoll comes into view. It is wielding a club.
The gnoll closely misses you.
You see here a helmet.
r - a helmet The gnoll closely misses you.
A gnoll comes into view. It is wielding a spear.
The gnoll closely misses you.
You see here a hobgoblin corpse.
There is a stone staircase leading up here.
The gnoll hits you from afar with a halberd!!
Ouch! That really hurt!
You die...

#########
##...#...##
##.........##
#...........#
#......!....#
#..@.gg.....#
##....†....##
##...#...#...#
......###...###
.....#
...###### #.###
.....#. ## #..
...... #.g.
....#### #....
>....... ....%.


You could see 2 gnolls.

Vanquished Creatures
  A leopard gecko (D:1)
  2 goblins (D:1)
  9 hobgoblins
  4 jackals (D:1)
  4 bats (D:1)
  4 frilled lizards (D:1)
  A kobold (D:1)
  3 rats (D:1)
28 creatures vanquished.

Notes
Turn   | Place    | Note
-------+----------+-------------------------------------------
     0 | D:1      | Chiseanne the Demonspawn Wanderer began the quest for the Orb.
     0 | D:1      | Chiseanne set off with: a scroll of blinking, a potion of heal wounds, a scroll of teleportation, the Collected Works on Clay, a +0 robe, a +0 dagger, a bread ration
     0 | D:1      | Reached XP level 1. HP: 16/16 MP: 3/3
     8 | D:1      | Identified the Collected Works on Clay
   646 | D:1      | Reached skill level 1 in Dodging
   646 | D:1      | Gained mutation: You have a pair of small horns on your head. [demonic ancestry]
   646 | D:1      | Reached XP level 2. HP: 18/23 MP: 5/5
  1581 | D:1      | Reached XP level 3. HP: 25/28 MP: 6/6
  1730 | D:2      | Slain by a gnoll

Vault maps used:
D:1:      sevenhm_arrival_forest_fort_large_4

Skill      XL: |  1 |
---------------+----+-----
Dodging        | 1 |  1.6
Fighting       | |  2.8
Throwing       | |  1.7
Unarmed Combat | |  1.0
Spellcasting   | |  2.0
Earth Magic    | |  2.6

Action                   || total
-------------------------++-------
Melee: Dagger            ||   120
       Punch             ||     1
       Headbutt          ||    14
  Eat: Chunk             ||     3
Armor: Robe              ||    19
Dodge: Dodged            ||    66
